 Dungeon Crawl Stone Soup version 0.21.1-1-g345015f (webtiles) character file.

73 inc the Conjurer (level 4, 0/27 HPs)
             Began as an Octopode Conjurer on June 11, 2018.
             Slain by an orc priest
             ... wielding a +0 war axe
              (10 damage)
             ... on level 3 of the Dungeon.
             The game lasted 00:02:27 (2393 turns).

inc the Conjurer (Octopode Conjurer)                Turns: 2393, Time: 00:02:28

Health: 0/27       AC:  1    Str:  7    XL:     4   Next: 27%
Magic:  3/7        EV: 13    Int: 18    God:
Gold:   111        SH:  3    Dex: 12    Spells: 1/7 levels left

rFire    . . .     SeeInvis .   g - +0 whip
rCold    . . .     Gourm    .   (no shield)
rNeg     . . .     Faith    .   (helmet restricted)
rPois    .         Spirit   .   h - +3 amulet of reflection
rElec    .         Reflect  +   (no ring)
rCorr    .         Harm     .   (no ring)
MR       .....                  (no ring)
Stlth    +++.......             (no ring)
HPRegen  0.09/turn              (no ring)
MPRegen  0.10/turn              (no ring)
                                (no ring)
                                (no ring)

@: no status effects
A: almost no armour, stealthy swim, amphibious, 8 rings, constrict 8, camouflage
1, gelatinous body 1
a: no special abilities


You were on level 3 of the Dungeon.
You were hungry.

You visited 1 branch of the dungeon, and saw 3 of its levels.

You collected 111 gold pieces.

Inventory:

Hand Weapons
 g - a +0 whip (weapon)
Jewellery
 h - a +3 amulet of reflection (around mantle)
Wands
 k - a wand of scattershot (9)
Scrolls
 c - a scroll of fog {unknown}
 e - 8 scrolls of identify {unknown}
 f - a scroll of magic mapping {unknown}
 i - 4 scrolls of immolation {unknown}
 j - a scroll of enchant weapon {unknown}
 l - a scroll of random uselessness {unknown}
Potions
 d - a potion of haste {unknown}
 m - a potion of heal wounds {unknown}
Books
 a - a book of Conjurations

   Spells                             Type                      Level
   a - Magic Dart                     Conjuration                  1
   b - Searing Ray                    Conjuration                  2
   c - Dazzling Spray                 Conjuration/Hexes            3
   d - Fulminant Prism                Conjuration/Hexes            4
   e - Force Lance                    Conjuration/Translocation    4
   f - Iskenderun's Mystic Blast      Conjuration                  4
Comestibles
 b - 5 rations


   Skills:
 - Level 2.0 Dodging
 - Level 2.6 Stealth
 - Level 2.0 Spellcasting
 + Level 5.6 Conjurations


You had one spell level left.
You knew the following spells:

 Your Spells              Type           Power        Failure   Level  Hunger
a - Magic Dart            Conj           ###.         1%          1    #......
b - Searing Ray           Conj           ###...       2%          2    ###....
c - Dazzling Spray        Conj/Hex       ##....       17%         3    ###....


Dungeon Overview and Level Annotations

Branches:
Dungeon (3/15)

Altars:
Fedhas
Qazlal

Annotations:
D:3 kae's ghost, amateur HOFi


Innate Abilities, Weirdness & Mutations

You cannot wear most types of armour.
You are very stealthy in the water. (Stealth+)
You are amphibious.
You can wear up to eight rings at the same time.
You can use your tentacles to constrict eight enemies at once.
Your skin changes colour to match your surroundings (Stealth+).
Your rubbery body absorbs attacks. (AC +1, EV +1)


Message History

There is a stone staircase leading up here.
Casting: Magic Dart
Confirm with . or Enter, or press ? or * to list all spells.
Aiming: Magic Dart
Press: ? - help, Shift-Dir - straight line, f - orc priest, p - orc
Aim: an orc priest, wielding a war axe The magic dart hits the orc priest.
The orc priest is moderately wounded.
The orc priest invokes the aid of Beogh against you.
Pain shoots through your body! The orc misses you.
Casting: Magic Dart
Confirm with . or Enter, or press ? or * to list all spells.
Aiming: Magic Dart
Press: ? - help, Shift-Dir - straight line, f/p - orc priest
Aim: an orc priest, wielding a war axe (moderately wounded)
The magic dart hits the orc priest.
The orc priest is severely wounded.
The orc wizard shouts!
The orc priest hits you with a war axe!
You die...

#o....)# .# .#.o..$.#
##. $..)....# #.. #
.....)l^# #.# .#
.#....(.# #.# ##.#
##..##.####.#####.[.##
.........o...l........#
##....#....#.###o.##.##
#.##..###.#.###@##
#.###. #.#.#.o.# #.# ##
#...o.###
##.####.###....#
............#..#
..<...#.###.#.....
......# #>...####
.b...$# #..### .$......
...#


You could see an orc priest, an orc wizard and an orc.

Vanquished Creatures
  2 adders (D:2)
  A worm (D:2)
  A dart slug (D:1)
  A leopard gecko (D:1)
  An orc (D:3)
  2 giant cockroaches (D:1)
  9 goblins
  8 hobgoblins
  5 bats
  4 frilled lizards
  7 kobolds
  4 rats
45 creatures vanquished.

Notes
Turn   | Place    | Note
-------+----------+-------------------------------------------
     0 | D:1      | inc the Octopode Conjurer began the quest for the Orb.
     0 | D:1      | Reached XP level 1. HP: 11/11 MP: 3/3
   257 | D:1      | Reached XP level 2. HP: 17/17 MP: 0/5
   911 | D:2      | Reached XP level 3. HP: 21/21 MP: 4/6
  1045 | D:2      | Reached skill level 5 in Conjurations
  1063 | D:2      | Found a stormy altar of Qazlal.
  1069 | D:2      | Found a blossoming altar of Fedhas.
  1316 | D:2      | Learned a level 2 spell: Searing Ray
  1320 | D:2      | Learned a level 3 spell: Dazzling Spray
  1784 | D:2      | Reached XP level 4. HP: 18/27 MP: 1/7
  2167 | D:3      | Noticed kae's ghost (amateur HOFi)
  2393 | D:3      | Slain by an orc priest

Skill      XL: |  1  2  3 |
---------------+----------+-----
Conjurations   | 5 |  5.6
Dodging        | |  2.0
Stealth        | |  2.6
Spellcasting   | |  2.0

Action                   |  1- 3 |  4- 6 || total
-------------------------+-------+-------++-------
Melee: Unarmed           |    14 |       ||    14
       Constrict         |     8 |     1 ||     9
       Whip              |     9 |     3 ||    12
       Tentacles         |     4 |     2 ||     6
 Cast: Magic Dart        |    63 |    19 ||    82
       Searing Ray       |     1 |       ||     1
  Eat: Chunk             |     3 |     2 ||     5
Armor: Skin              |       |     1 ||     1
Dodge: Dodged            |    13 |     6 ||    19
Block: Other             |     1 |       ||     1
